 Dungeon Crawl Stone Soup version 0.30.1 (webtiles) character file.

Game seed: 15258786543694400789

1675 Dillybarz the Grappler (level 8, -6/80 HPs)
             Began as a Troll Fighter on June 27, 2023.
             Mangled by a wyvern (13 damage)
             ... on level 7 of the Dungeon on July 5, 2023.
             The game lasted 00:25:14 (5488 turns).

Dillybarz the Grappler (Troll Fighter)              Turns: 5488, Time: 00:25:15

Health: -6/80      AC:  7    Str: 25    XL:     8   Next: 70%
Magic:  7/7        EV: 24    Int:  6    God:
Gold:   428        SH:  9    Dex:  9    Spells: 7/7 levels left

rFire   + .          .
                       - Unarmed
rCold   . . .        b - +1 kite shield
rNeg    . . .        a - +0 robe
rPois   .            k - +2 hat
rElec   .            n - +0 cloak
rCorr   .            (gloves unavailable)
SInv    .            (boots unavailable)
Will    .....        o - amulet of the acrobat
Stlth   +            l - ring of protection from fire
HPRegen 1.13/turn    (no ring)
MPRegen 0.10/turn

%: acrobat
@: acrobatic
A: large, unfitting armour, claws 3, regeneration 1, shaggy fur 1, tough skin 1
a: no special abilities


You were on level 7 of the Dungeon.
You visited 2 branches of the dungeon, and saw 8 of its levels.

You collected 428 gold pieces.

Inventory:

Armour
 a - a +0 robe (worn)
 b - a +1 kite shield (worn)
 k - a +2 hat (worn)
 n - a +0 cloak (worn)
Jewellery
 l - a ring of protection from fire (left claw)
 o - an amulet of the acrobat (around neck)
Wands
 m - a wand of polymorph (8)
 u - a wand of quicksilver (4)
Scrolls
 d - a scroll of magic mapping
 e - 3 scrolls of teleportation
 s - 2 scrolls of fog
Potions
 c - 2 potions of might
 f - 2 potions of invisibility
 g - 4 potions of curing
 h - a potion of flight
 i - a potion of lignification
 j - 2 potions of haste
 p - 2 potions of magic
 q - a potion of attraction
 r - 2 potions of brilliance
 t - a potion of heal wounds {unknown}


   Skills:
 + Level 5.2 Fighting
 - Level 2.4 Dodging
 + Level 5.7 Shields
 * Level 8.2 Unarmed Combat


You had 7 spell levels left.
You didn't know any spells.
Your spell library contained the following spells:

 Spells                   Type           Power      Damage    Failure   Level
 Beastly Appendage        Tmut           0%         N/A       67%         1
 Cigotuvi's Dreadful Rot  Necr/Pois/Air  0%         N/A       82%         2
 Wereblood                Tmut           0%         N/A       82%         2
 Hailstorm                Conj/Ice       0%         3d3       96%         3
 Ignite Poison            Fire/Tmut/Pois 0%         N/A       96%         3
 Spider Form              Tmut/Pois      0%         N/A       96%         3
 Ice Form                 Ice/Tmut       0%         N/A       100%        4
 Freezing Cloud           Conj/Ice/Air   0%         6-21      100%        5
 Simulacrum               Ice/Necr       0%         N/A       100%        6


Dungeon Overview and Level Annotations

Branches:
Dungeon (7/15)             Temple (1/1) D:6

Altars:
Fedhas
Hepliaklqana
Okawaru
Sif Muna
Trog
Vehumet
Xom
The Shining One

Shops:
D:2 :


Innate Abilities, Weirdness & Mutations

You are too large for most types of armour.
You have claws for hands.
Your natural rate of healing is unusually fast.
You are covered in fur. (AC +1)
You have tough skin. (AC +1)


Message History

The wyvern bites you.
The kobold brigand throws a curare-tipped dart.
The curare-tipped dart hits you.
You are poisoned.
You have difficulty breathing.
You feel yourself slow down.
You feel very sick. You block the wyvern's attack.
The wyvern barely misses you.
The kobold brigand throws a curare-tipped dart.
The curare-tipped dart completely misses you.
A kobold comes into view. It is wielding a +0 whip.
The wyvern bites you but does no damage.
You feel very sick. The wyvern closely misses you.
You feel very sick. The wyvern misses you. The wyvern attacks as you move away!
You block the wyvern's attack.
You feel sick. The wyvern completely misses you.
You feel sick. You block the wyvern's attack. The wyvern closely misses you.
You feel sick. The wyvern misses you. x2
You feel sick.
You are no longer poisoned.
You block the wyvern's attack. The wyvern attacks as you move away!
You block the wyvern's attack. The wyvern bites you!
* * * LOW HITPOINT WARNING * * *
The wyvern barely misses you. The wyvern completely misses you.
The kobold attacks as you move away!
The kobold hits you with a +2 dagger of protection.
* * * LOW HITPOINT WARNING * * *
You feel yourself speed up. The kobold completely misses you.
The wyvern misses you. The wyvern barely misses you.
The wyvern attacks as you move away! The wyvern bites you!
* * * LOW HITPOINT WARNING * * *
You block the wyvern's attack. The wyvern attacks as you move away!
The wyvern bites you.
* * * LOW HITPOINT WARNING * * *
The wyvern barely misses you. The wyvern attacks as you move away!
The wyvern bites you!
You die...

#....########'## #....
#.............[# #....
#..............# .# #....
#..............# #.#
#.... ##......>.......#
#.#.#....
#...........###.###
#.#.###.#
#.................# #.#.#
#.#
#.................###.#.#
#.#
#...........@lKK.K#...#.#
#.#
#...........###...KK..#.#
#.# #......>....#
#####...#.###.#
#...........#
#.............#
############
#.#######.#####
##.###..........
.......รท........
........K#######
.........'KKK...


You could see a wyvern, a kobold brigand and 4 kobolds.

Vanquished Creatures
  Sigmund (D:2)
  A water moccasin (D:6)
  An ice beast (D:7)
  An orc warrior (D:7)
  2 phantoms
  2 scorpions
  5 wights (D:6)
  An electric eel (D:7)
  6 hounds
  3 jellies
  A gnoll bouda (D:5)
  3 iguanas
  2 sleepcaps
  2 orc wizards (D:7)
  4 gnolls (D:5)
  3 adders
  A shadow imp (D:4)
  A white imp (D:6)
  A worm (D:4)
  2 dart slugs
  20 orcs
  6 ball pythons
  9 bats
  5 endoplasms
  4 giant cockroaches
  7 goblins
  4 hobgoblins
  6 kobolds
  4 quokkas
  A frilled lizard (D:1)
  11 rats
  A butterfly (D:6)
121 creatures vanquished.

Notes
Turn   | Place    | Note
-------+----------+-------------------------------------------
     0 | D:1      | Dillybarz the Troll Fighter began the quest for the Orb.
     0 | D:1      | Reached XP level 1. HP: 22/22 MP: 0/0
   183 | D:1      | Reached XP level 2. HP: 29/29 MP: 1/1
   662 | D:2      | Found Emerik's Book Shoppe.
   713 | D:2      | Reached XP level 3. HP: 36/36 MP: 2/2
   806 | D:2      | Noticed Sigmund
   900 | D:2      | Killed Sigmund
   901 | D:2      | Reached skill level 4 in Unarmed Combat
   901 | D:2      | Reached XP level 4. HP: 45/45 MP: 3/3
   901 | D:2      | Reached XP level 5. HP: 53/53 MP: 4/4
  1938 | D:3      | Identified the +1 scale mail "Byraumad" {SInv}
  1966 | D:3      | Identified the +1 spear "Vyfaadus" {flame, *Slow Str+3
                  | Int+3}
  2078 | D:3      | Found a faded altar of an unknown god.
  2856 | D:4      | Noticed a phantom
  2882 | D:4      | Killed a phantom
  2883 | D:4      | Reached XP level 6. HP: 60/61 MP: 5/5
  3185 | D:4      | Reached skill level 5 in Unarmed Combat
  3511 | D:5      | Entered Level 5 of the Dungeon
  3858 | D:5      | Reached XP level 7. HP: 70/70 MP: 6/6
  3917 | D:5      | Reached skill level 6 in Unarmed Combat
  4497 | D:6      | Upgraded the game from 0.30.0-30-g96aa6591b8 to 0.30.1
  4616 | D:6      | Found a staircase to the Ecumenical Temple.
  4638 | Temple   | Entered the Ecumenical Temple
  4777 | D:6      | Reached XP level 8. HP: 79/79 MP: 7/7
  4798 | D:6      | Reached skill level 5 in Shields
  4814 | D:6      | Reached skill level 7 in Unarmed Combat
  5063 | D:6      | Reached skill level 5 in Fighting
  5350 | D:7      | Reached skill level 8 in Unarmed Combat
  5484 | D:7      | HP: 4/80 [wyvern (8)]
  5488 | D:7      | Mangled by a wyvern

Illustrated notes

Levels and vault maps discovered:
D:1:      saegor_arrival_simple_b, layout_loops_ring
D:2:      layout_basic, serial_shops, shop, minmay_heptomino_l4, uniq_sigmund
D:3:      layout_basic, ebering_ecumenical_altar_hall
D:4:      layout_basic
D:5:      layout_basic, grunt_ministairs_6, st_stairs_2, chequers_jeans,
          minmay_chambers_of_fives
D:6:      layout_rooms, minmay_temple_entry_butterflies, serial_bayou_lagoon_a
D:7:      layout_basic, kennysheep_boxes
Temple:   nicolae_temple_superstar

Skill      XL: |  1  2  3  4  5  6  7  8 |
---------------+-------------------------+-----
Shields        | 3 4 5 |  5.7
Fighting       | 3 4 5 |  5.2
Unarmed Combat | 4 5 6 8 |  8.2
Dodging        | |  2.4

Action                     |  1- 3 |  4- 6 |  7- 9 || total
---------------------------+-------+-------+-------++-------
  Melee: Unarmed           |    82 |   154 |   159 ||   395
    Use: Scroll            |     4 |     9 |     3 ||    16
   Stab: Sleeping          |       |     1 |       ||     1
 Armour: Robe              |    36 |    29 |    22 ||    87
  Dodge: Dodged            |    36 |    23 |   106 ||   165
  Block: Kite shield       |    23 |    54 |   104 ||   181
